 Dungeon Crawl Stone Soup version 0.28.0-53-g5a82cb258f (webtiles) character file.

Game seed: 2253747720680139181

132 dranuc9 the Conjurer (level 4, 0/24 HPs)
             Began as a Deep Elf Conjurer on June 26, 2022.
             Killed by divine providence
             ... invoked by an orc priest
              (11 damage)
             ... on level 4 of the Dungeon.
             The game lasted 00:25:46 (3387 turns).

dranuc9 the Conjurer (Deep Elf Conjurer)            Turns: 3387, Time: 00:25:46

Health: 0/24       AC:  3    Str:  4    XL:     4   Next: 92%
Magic:  12/12      EV: 13    Int: 25    God:
Gold:   147        SH:  0    Dex: 19    Spells: 9/12 levels left

rFire   . . .      SeeInvis +   g - +0 dagger
rCold   . . .      Faith    .   (no shield)
rNeg    . . .      Spirit   .   a - +0 robe
rPois   .          Reflect  .   (no helmet)
rElec   .          Harm     .   p - +0 cloak
rCorr   .          Rampage  .   (no gloves)
Will    .....                   (no boots)
Stlth   +++.......              x - amulet of magic regeneration
HPRegen 0.08/turn               m - +6 ring of dexterity
MPRegen 0.53/turn               h - ring of see invisible

@: no status effects
A: no striking features
a: no special abilities


You were on level 4 of the Dungeon.
You visited 1 branch of the dungeon, and saw 4 of its levels.

You collected 147 gold pieces.

Inventory:

Hand Weapons
 g - a +0 dagger (weapon)
 n - the +8 mace of Miuhagou {pain, rPois rF+++ rC- MP-9}
   (You found it on level 2 of the Dungeon)

   In the hands of one skilled in necromantic magic, it inflicts extra damage on
   living creatures.
   rF:        It renders you almost immune to fire.
   rC:        It makes you vulnerable to cold.
   rPois:     It protects you from poison.
   MP:        It affects your magic capacity (-9).
 u - a +0 hand axe
Missiles
 l - 26 arrows
 C - 3 curare-tipped darts
Armour
 a - a +0 robe (worn)
 p - a +0 cloak (worn)
Magical Staves
 q - a staff of air
Jewellery
 b - a +4 ring of slaying
 h - a ring of see invisible (right hand)
 i - an amulet of the acrobat
 m - a +6 ring of dexterity (left hand)
 x - an amulet of magic regeneration (around neck)
 y - a ring of protection from cold
Scrolls
 c - 6 scrolls of identify
 d - a scroll of magic mapping {unknown}
 e - a scroll of amnesia {unknown}
 j - a scroll of blinking {unknown}
 r - a scroll of teleportation {unknown}
 v - a scroll of brand weapon {unknown}
 w - a scroll of enchant armour {unknown}
 z - a scroll of silence {unknown}
 B - a scroll of torment {unknown}
Potions
 f - a potion of might
 k - a potion of ambrosia
 o - a potion of curing {unknown}
 s - a potion of resistance {unknown}
 t - a potion of heal wounds {unknown}
 A - a potion of flight {unknown}


   Skills:
 + Level 2.6 Dodging
 + Level 3.0 Stealth
 + Level 4.5 Spellcasting
 + Level 6.0 Conjurations


You had 9 spell levels left.
You knew the following spells:

 Your Spells              Type           Power      Damage    Failure   Level
a - Magic Dart            Conj           100%       1d8       1%          1
b - Searing Ray           Conj           70%        2d7       1%          2

Your spell library contained the following spells:

 Spells                   Type           Power      Damage    Failure   Level
 Dazzling Flash           Conj/Hex       40%        N/A       8%          3
 Ensorcelled Hibernation  Hex/Ice        10%        N/A       13%         2
 Portal Projectile        Hex/Tloc       10%        N/A       26%         3
 Spider Form              Tmut/Pois      5%         N/A       26%         3
 Tukima's Dance           Hex            5%         N/A       26%         3
 Fulminant Prism          Conj/Hex       10%        3d9       26%         4
 Iskenderun's Mystic Bla  Conj/Tloc      20%        2d6       26%         4
 Anguish                  Hex/Necr       2%         N/A       65%         4
 Blade Hands              Tmut           2%         N/A       94%         5
 Excruciating Wounds      Necr           2%         N/A       94%         5
 Enfeeble                 Hex            2%         N/A       100%        7


Dungeon Overview and Level Annotations

Branches:
Dungeon (4/15)
 Temple: D:4-7

Altars:
Yredelemnul


Message History

Unknown command.
Casting: Magic Dart (safe; 1% risk of failure)
Confirm with . or Enter, or press ? or * to list all spells.
Aiming: Magic Dart (safe; 1% risk of failure)
Press: ? - help, Shift-Dir - straight line, f/p - orc priest
Aim: an orc priest, wielding a +0 hand axe (moderately wounded, 100% to hit)
The magic dart hits the orc priest.
The orc priest is heavily wounded.
Casting: Magic Dart (safe; 1% risk of failure)
Confirm with . or Enter, or press ? or * to list all spells.
Aiming: Magic Dart (safe; 1% risk of failure)
Press: ? - help, Shift-Dir - straight line, f/p - orc priest
Aim: an orc priest, wielding a +0 hand axe (heavily wounded, 100% to hit)
The magic dart hits the orc priest but does no damage.
The orc priest is heavily wounded.
An orc comes into view.
It is wielding a +2 flail of holy wrath.
An orc comes into view. It is wielding a +0 whip.
The orc priest looks satisfied for a moment.
Casting: Magic Dart (safe; 1% risk of failure)
Confirm with . or Enter, or press ? or * to list all spells.
Aiming: Searing Ray (safe; 1% risk of failure)
Press: ? - help, Shift-Dir - straight line, f - orc priest, p - orc priest
Aim: an orc priest, wielding a +0 hand axe (81% to hit)
The searing ray misses the orc priest. x2 (Press . to maintain the ray.)
The orc shouts!
The orc priest invokes the aid of Beogh against you.
Beogh smites you!
Casting: Searing Ray (safe; 1% risk of failure)
Confirm with . or Enter, or press ? or * to list all spells.
Restarting spell: Searing Ray (safe; 1% risk of failure)
Press: ? - help, Shift-Dir - straight line, f/p - orc priest
Aim: an orc priest, wielding a +0 hand axe (81% to hit)
The searing ray misses the orc priest.
The searing ray hits the orc priest.
The orc priest is moderately wounded. (Press . to maintain the ray.)
The orc priest hits you with a +0 hand axe.
The orc priest invokes the aid of Beogh against you.
Beogh smites you!
You die...

#.#...#..# #.........#
#.#.#.#..####
#.#.#####.#
#.#.#.#.....#
#.#..####.#####
###.#.#.#.....#
#.#...o...o...#
....#.#.......#
#.#.o####.###.#
....#.##......###.#..#
#.# #.#
..............+...o..#
#.# #o#
.##.#.##......###.#..#
#.# #.#
.##.#.#...†...#.@.#..##
#.# #o#
.##.###.#..#..........#
#.# #.#
.##.............##.>#.#
#.# #o#
.######..#.####.##..#.#
#.. ..o .# #..#.#
#.##..#.# .# #..#.# #.#
... .# ###..#.# ###
##.. ## #.>....# ..#
#####......#


You could see 2 orc priests and an orc.

Vanquished Creatures
  A gnoll (D:1)
  4 adders
  An adder skeleton (D:4)
  4 dart slugs
  3 worms
  An endoplasm (D:2)
  3 giant cockroaches
  8 goblins
  2 hobgoblins
  3 quokkas
  9 ball pythons
  8 bats
  5 frilled lizards
  9 kobolds
  5 rats
  A spectral orc (D:3)
67 creatures vanquished.

Notes
Turn   | Place    | Note
-------+----------+-------------------------------------------
     0 | D:1      | dranuc9 the Deep Elf Conjurer began the quest for the Orb.
     0 | D:1      | Reached XP level 1. HP: 10/10 MP: 6/6
    21 | D:1      | Reached XP level 2. HP: 15/15 MP: 2/8
   177 | D:1      | Reached skill level 5 in Conjurations
   563 | D:1      | Found a faded altar of an unknown god.
   567 | D:1      | Reached XP level 3. HP: 15/19 MP: 5/9
   864 | D:1      | Learned a level 2 spell: Searing Ray
   933 | D:2      | Identified the +8 mace of Miuhagou {pain, rPois rF+++ rC-
                  | MP-9}
  1342 | D:2      | Reached XP level 4. HP: 24/24 MP: 9/11
  2904 | D:3      | Found a basalt altar of Yredelemnul.
  2906 | D:3      | Reached skill level 6 in Conjurations
  2969 | D:4      | Noticed an ice beast
  3387 | D:4      | Killed from afar by an orc priest

Illustrated notes

Levels and vault maps discovered:
D:1:      minmay_arrival_four_houses, layout_rooms,
          hellmonk_ecumenical_altar_lost_god, minmay_pentomino_o4
D:2:      layout_basic, due_unseen_surprise
D:3:      layout_basic, yredelemnul_forgotten_temple_becter,
          nicolae_elevator_lobby_asterisk
D:4:      layout_basic, mainiacjoe_overflow_big_doors, serial_shops,
          shop_fountains

Skill      XL: |  1  2  3  4 |
---------------+-------------+-----
Conjurations   | 5 6 |  6.0
Spellcasting   | 4 |  4.5
Stealth        | 3 |  3.0
Dodging        | |  2.6

Action                   |  1- 3 |  4- 6 || total
-------------------------+-------+-------++-------
 Cast: Magic Dart        |    64 |    70 ||   134
       Searing Ray       |     2 |     3 ||     5
  Use: Scroll            |     2 |       ||     2
Armor: Robe              |     1 |       ||     1
Dodge: Dodged            |     4 |     1 ||     5
